 Dungeon Crawl Stone Soup version 0.24.1-8-ga250c9d538 (webtiles) character file.

Game seed: 6216573366746002678, levelgen mode: deterministic

185 Hugehornet the Changer (level 5, 0/33 HPs)
             Began as an Octopode Transmuter on May 3, 2020.
             Slain by Grinder (3 damage)
             ... on level 3 of the Dungeon.
             The game lasted 00:05:00 (2951 turns).

Hugehornet the Changer (Octopode Transmuter)        Turns: 2951, Time: 00:05:00

Health: 0/33       AC:  1    Str: 10    XL:     5   Next: 64%
Magic:  16/17      EV: 13    Int: 16    God:
Gold:   92         SH:  0    Dex: 12    Spells: 2/8 levels left

rFire    . . .     SeeInvis .     - Unarmed
rCold    . . .     Gourm    .   (no shield)
rNeg     . . .     Faith    .   (helmet restricted)
rPois    .         Spirit   .   (no amulet)
rElec    .         Reflect  .   g - ring of magical power
rCorr    .         Harm     .   (no ring)
MR       .....                  (no ring)
Stlth    ++........             (no ring)
HPRegen  0.11/turn              (no ring)
MPRegen  0.15/turn              (no ring)
                                (no ring)
                                (no ring)

@: no status effects
A: almost no armour, stealthy swim, amphibious, 8 rings, constrict 8, camouflage
1, gelatinous body 1
a: no special abilities


You were on level 3 of the Dungeon.
You were hungry.

You visited 1 branch of the dungeon, and saw 3 of its levels.

You collected 92 gold pieces.

Inventory:

Missiles
 a - 36 arrows
Jewellery
 g - a ring of magical power (left tentacle)
Scrolls
 d - 6 scrolls of identify {unknown}
 e - a scroll of enchant weapon {unknown}
 f - 5 scrolls of teleportation {unknown}
 h - a scroll of blinking {unknown}
 i - a scroll of fog {unknown}
 k - 2 scrolls of amnesia {unknown}
 l - a scroll of noise {unknown}
Potions
 b - 4 potions of curing {unknown}
 j - a potion of ambrosia {unknown}
 m - a potion of flight {unknown}
Comestibles
 c - 4 rations


   Skills:
 - Level 1.0 Fighting
 - Level 2.0 Dodging
 - Level 3.0 Unarmed Combat
 - Level 2.0 Spellcasting
 + Level 5.7 Transmutations


You had 2 spell levels left.
You knew the following spells:

 Your Spells              Type           Power        Failure   Level  Hunger
a - Beastly Appendage     Tmut           ###...       1%          1    #......
b - Sticks to Snakes      Tmut           ###.....     3%          2    ###....
c - Spider Form           Tmut/Pois      ##........   19%         3    ###....

Your spell library contained the following spells:

 Spells                   Type           Power        Failure   Level  Hunger
 Magic Dart               Conj           #...         21%         1    #......
 Blink                    Tloc           N/A          30%         2    ###....
 Call Imp                 Summ           #.......     30%         2    ###....
 Slow                     Hex            #.......     30%         2    ###....
 Blade Hands              Tmut           ###.......   50%         5    ######.
 Conjure Flame            Conj/Fire      #.......     52%         3    ###....
 Mephitic Cloud           Conj/Pois/Air  #.......     52%         3    ###....
 Ice Form                 Ice/Tmut       ##......     54%         4    #####..


Dungeon Overview and Level Annotations

Branches:
Dungeon (3/15)

Altars:

Annotations:
D:3 Grinder


Innate Abilities, Weirdness & Mutations

You cannot wear most types of armour.
You are very stealthy in the water. (Stealth+)
You are amphibious.
You can wear up to eight rings at the same time.
You can use your tentacles to constrict eight enemies at once.
Your skin changes colour to match your surroundings (Stealth+).
Your rubbery body absorbs attacks. (AC +1, EV +1)


Message History

* * * LOW HITPOINT WARNING * * *
You bite Grinder!
Grinder is heavily wounded.
Grinder gestures at you. You resist with significant effort.
You hit Grinder but do no damage.
Grinder looks as sick as possible!
Grinder is heavily wounded.
Grinder says, "My boss said I was rubbish.
His entrails said otherwise."
Grinder misses you.
You hit Grinder but do no damage.
Grinder looks as sick as possible!
Grinder is heavily wounded.
Grinder gestures at you.
You suddenly lose the ability to move!
Grinder blinks!
You can move again.
Your transformation has ended.
Grinder hits you.
* * * LOW HITPOINT WARNING * * *
You writhe in agony.
You die...

### ..# #.# #.#
#####.######
#..........### #
#.###.####.#.#.#
#.#.###.#
#..@...#
#.......#
#...5......
###..####
#......####
##.#.## ####.#.#
#.###.# .#...
##.#.## .# #####
#.## ##+# #.. .#
#.# ##...## #.#
#.# #.#
##....)###.#
###.#


You could see Grinder.

Vanquished Creatures
  Natasha (thrice) (D:2)
  3 adders (D:2)
  An ooze (D:2)
  3 worms (D:2)
  2 dart slugs
  6 leopard geckos
  4 giant cockroaches
  5 goblins
  4 hobgoblins
  7 jackals (D:1)
  6 kobolds
  3 quokkas (D:2)
  5 bats
  4 frilled lizards
  8 rats
64 creatures vanquished.

Notes
Turn   | Place    | Note
-------+----------+-------------------------------------------
     0 | D:1      | Hugehornet the Octopode Transmuter began the quest for the
                  | Orb.
     0 | D:1      | Reached XP level 1. HP: 13/13 MP: 3/3
    64 | D:1      | Reached XP level 2. HP: 11/18 MP: 3/5
   190 | D:1      | Reached skill level 3 in Transmutations
   586 | D:1      | Reached XP level 3. HP: 19/23 MP: 3/6
  1593 | D:2      | Reached skill level 4 in Transmutations
  1597 | D:2      | Learned a level 2 spell: Sticks to Snakes
  1606 | D:2      | Reached XP level 4. HP: 27/28 MP: 7/7
  1611 | D:2      | Learned a level 3 spell: Spider Form
  1649 | D:2      | Noticed Natasha
  1655 | D:2      | Killed Natasha
  1883 | D:2      | Reached skill level 5 in Transmutations
  1886 | D:2      | Reached XP level 5. HP: 10/33 MP: 8/8
  2011 | D:2      | Noticed Natasha
  2016 | D:2      | Killed Natasha
  2288 | D:2      | Noticed Natasha
  2299 | D:2      | Killed Natasha
  2930 | D:3      | Noticed Grinder
  2946 | D:3      | Paralysed by Grinder for 2 turns
  2951 | D:3      | Slain by Grinder

Levels and vault maps discovered:
D:1:      dpeg_arrival_lava_temple_mockup, layout_basic
D:2:      minmay_diamond_boxcup, layout_rooms, serial_corexii_hall,
          corexii_hall_statues_t, chequers_hall_statues_y,
          chequers_hall_statues_corner_a, corexii_hall_statues_u,
          chequers_hall_statues_corner_a, corexii_hall_statues_deadend,
          uniq_natasha
D:3:      layout_loops_corners, nicolae_dithmenos_shadow_blocks, uniq_grinder

Skill      XL: |  1  2  3  4 |
---------------+-------------+-----
Transmutations | 3 4 5 |  5.7
Fighting       | |  1.0
Dodging        | |  2.0
Unarmed Combat | |  3.0
Spellcasting   | |  2.0

Action                   |  1- 3 |  4- 6 || total
-------------------------+-------+-------++-------
Melee: Unarmed           |    74 |    77 ||   151
       Constrict         |    24 |    12 ||    36
       Kick              |    15 |    11 ||    26
       Tentacles         |    11 |    12 ||    23
       Punch             |     1 |       ||     1
 Cast: Beastly Appendage |    26 |    13 ||    39
       Spider Form       |       |     5 ||     5
 Stab: Sleeping          |     3 |     7 ||    10
       Distracted        |       |     1 ||     1
  Eat: Chunk             |     3 |     4 ||     7
Armor: Skin              |     7 |     5 ||    12
Dodge: Dodged            |    40 |    44 ||    84
